 Dungeon Crawl Stone Soup version 0.27-a0-887-gcab673c142 (webtiles) character file.

Game seed: 15332618463327789926

2082 jestyr24 the Conjurer (level 9, -2/67 HPs)
             Began as a Green Draconian Conjurer on Apr 4, 2021.
             Was a Believer of Vehumet.
             Slain by a sky beast (4 damage)
             ... on level 8 of the Dungeon on Apr 5, 2021.
             The game lasted 00:55:51 (8728 turns).

jestyr24 the Conjurer (Green Draconian Conjurer)    Turns: 8728, Time: 00:55:52

Health: -2/67      AC: 14    Str: 16      XL:     9   Next: 6%
Magic:  0/17       EV: 11    Int: 19 (21) God:    Vehumet [**....]
Gold:   229        SH:  3    Dex:  7 (8)  Spells: 12/19 levels left

rFire    + . .     SeeInvis .   m - +4 dagger (vamp)
rCold    + + +     Faith    +   B - +0 buckler
rNeg     . . .     Spirit   .   (armour unavailable)
rPois    +         Reflect  .   I - +1 hat
rElec    +         Harm     .   J - +0 cloak of Nazuxawu {rElec rPois rC+++ Stlth-}
rCorr    .         Rampage  .   (no gloves)
Will     .....                  l - +0 pair of boots
Stlth    +.........             C - amulet of faith
HPRegen  0.21/turn              a - +6 ring of strength
MPRegen  0.15/turn              A - +4 ring of protection

@: unable to read
A: breathe noxious fumes, AC +7, unfitting armour, poison resistance,
cold-blooded, hooves 1, horns 2, clumsy 1, deterioration 2, fire resistance 1,
frail 1, mutation resistance 1, screaming 1, inability to read while threatened
a: Breathe Noxious Fumes, Renounce Religion


You were on level 8 of the Dungeon.
You worshipped Vehumet.
Vehumet was pleased with you.
You visited 1 branch of the dungeon, and saw 8 of its levels.

You collected 400 gold pieces.
You spent 171 gold pieces at shops.

Inventory:

Hand Weapons
 b - a +0 dagger
 m - a +4 vampiric dagger (weapon)
 H - a +3 hunting sling
Missiles
 p - 29 poisoned darts
 E - 10 boomerangs
Armour
 c - a +0 kite shield
 l - a +0 pair of boots (worn)
 y - a scarf of repulsion
 B - a +0 buckler (worn)
 G - a +0 pair of boots
 I - a +1 hat (worn)
 J - the +0 cloak of Nazuxawu (worn) {rElec rPois rC+++ Stlth-}
   (You bought it in a shop on level 4 of the Dungeon)

   It renders you almost immune to cold.
   It insulates you from electricity.
   It protects you from poison.
   It makes you less stealthy.
Jewellery
 a - a +6 ring of strength (left hand)
 A - a +4 ring of protection (right hand)
 C - an amulet of faith (around neck)
 D - the ring of Symmetry {Fly rF+}
   (You found it on level 6 of the Dungeon)

   [ring of flight]

   It protects you from fire.
   It grants you flight.
Wands
 v - a wand of acid (6)
 F - a wand of flame (5)
 K - a wand of charming (9)
Scrolls
 d - a scroll of amnesia {unknown}
 e - 2 scrolls of magic mapping
 h - a scroll of acquirement {unknown}
 j - a scroll of noise {unknown}
 n - 2 scrolls of blinking
 o - 2 scrolls of immolation
 q - 2 scrolls of teleportation {unknown}
 s - a scroll of brand weapon
 x - a scroll of silence {unknown}
Potions
 f - 3 potions of brilliance
 g - 3 potions of curing
 i - 4 potions of heal wounds
 k - 3 potions of magic
 r - 3 potions of mutation
 t - 3 potions of attraction {unknown}
 u - 2 potions of haste
 w - 2 potions of invisibility
 z - 4 potions of might {unknown}


   Skills:
 * Level 5.7 Fighting
 + Level 3.3 Dodging
 + Level 4.0 Stealth
 + Level 1.0 Shields
 - Level 0.2 Unarmed Combat
 + Level 5.8 Spellcasting
 + Level 7.2 Conjurations
 * Level 3.1 Hexes


You had 12 spell levels left.
You knew the following spells:

 Your Spells              Type           Power      Damage    Failure   Level
a - Magic Dart            Conj           100%       1d8       1%          1
b - Searing Ray           Conj           64%        3d5       1%          2
c - Fulminant Prism       Conj/Hex       12%        3d9       21%         4

Your spell library contained the following spells:

 Spells                   Type           Power      Damage    Failure   Level
 Foxfire                  Conj/Fire      76%        2x1d7     3%          1
 Corona                   Hex            18%        N/A       4%          1
 Dazzling Flash           Conj/Hex       50%        N/A       6%          3
 Animate Skeleton         Necr           10%        N/A       17%         1
 Apportation              Tloc           10%        N/A       17%         1
 Beastly Appendage        Tmut           10%        N/A       17%         1
 Summon Small Mammal      Summ           20%        N/A       17%         1
 Iskenderun's Battlesphe  Conj           32%        2d8       24%         5
 Wereblood                Tmut           5%         N/A       26%         2
 Iskenderun's Mystic Bla  Conj/Tloc      19%        2d6       36%         4
 Spider Form              Tmut/Pois      2%         N/A       45%         3
 Ice Form                 Ice/Tmut       5%         N/A       86%         4
 Bolt of Magma            Conj/Fire/Erth 7%         4d6       86%         5
 Hydra Form               Tmut           2%         N/A       99%         5
 Iron Shot                Conj/Erth      9%         9d3       99%         6
 Orb of Destruction       Conj           16%        9d7       100%        7
 Spellforged Servitor     Conj/Summ      9%         N/A       100%        7


Dungeon Overview and Level Annotations

Branches:
Dungeon (8/15)             Temple (0/1) D:4
   Lair: D:8-11

Altars:
Elyvilon
Fedhas
Kikubaaqudgha
Okawaru
Qazlal
Vehumet
Wu Jian
Xom

Shops:
D:3 *   D:4 [   D:8 *


Innate Abilities, Weirdness & Mutations

You can breathe blasts of noxious fumes.
Your lurid green scales are hard. (AC +7)
You cannot fit into any form of body armour.
Your system is resistant to poisons. (rPois)
You are cold-blooded and may be slowed by cold attacks.
You have large cloven feet.
You have a pair of horns on your head.
You are clumsy. (Dex -2)
Your body often deteriorates upon taking damage.
Your flesh is heat resistant. (rF+)
You are frail. (-10% HP)
You are somewhat resistant to further mutation.
You occasionally shout uncontrollably at your foes.
You sometimes lose the ability to read scrolls when taking damage.


Message History

* * * LOW HITPOINT WARNING * * *
The sky beast flickers out of sight!
Deactivating autopickup; reactivate with Ctrl-A.
You closely miss the orc warrior. Your headbutt misses the orc warrior.
The orc warrior is heavily wounded.
The orc warrior barely misses you.
You hit the orc warrior.
You feel better.
The orc warrior is severely wounded.
The orc warrior hits you with a +0 hand axe!
* * * LOW HITPOINT WARNING * * *
Your body deteriorates!
You feel dopey.
You hit the orc warrior.
The orc warrior is severely wounded.
The orc warrior hits you with a +0 hand axe!
* * * LOW HITPOINT WARNING * * *
Casting: Searing Ray (safe; 1% risk of failure)
Confirm with . or Enter, or press ? or * to list all spells.
Aiming: Searing Ray (safe; 1% risk of failure)
Press: ? - help, Shift-Dir - straight line The searing ray hits the orc warrior.
The orc warrior is almost dead.
The searing ray hits something. (Press . to maintain the ray.)
The orc warrior hits you but does no damage.
The searing ray hits the orc warrior.
You kill the orc warrior!
Vehumet accepts your kill. Something hits you but does no damage.
Your Stealth skill increases to level 4!
Your Shields skill increases to level 1!
Casting: Searing Ray (safe; 1% risk of failure)
Confirm with . or Enter, or press ? or * to list all spells.
You can't see any susceptible monsters within range! (Use Z to cast anyway.)
Casting: Searing Ray (safe; 1% risk of failure)
Confirm with . or Enter, or press ? or * to list all spells.
Aiming: Searing Ray (safe; 1% risk of failure)
Press: ? - help, Shift-Dir - straight line (Press . to maintain the ray.)
Something hits you.
You die...

## #. ##.## ##
...>..# # #..#.#
.#.##..#.
.....).{### #)))@.#
#...#.#
#...#.##########
#.##.............[#
#.....#..########.#
#####....## ##.#
#..#.##. .#.#
####.#..#.###.#.#
#.....#.# ..#.#.#


There were no monsters in sight!

Vanquished Creatures
  Grinder (D:6)
  An orc warrior (D:8)
  An ogre (D:5)
  2 necrophages
  A centaur (D:8)
  A phantom (D:5)
  Blork the orc (D:6)
  3 bullfrogs
  A scorpion (D:7)
  A water moccasin zombie (D:6)
  4 killer bees
  A howler monkey (D:4)
  A hound (D:6)
  2 jellies
  3 orc priests
  2 bullfrog skeletons
  3 centaur skeletons
  A gnoll shaman (D:6)
  An iguana (D:6)
  4 orc wizards (D:6)
  A killer bee zombie (D:7)
  A hound zombie (D:5)
  2 hound skeletons
  2 howler monkey zombies
  6 adders
  7 gnolls
  A shadow imp (D:5)
  2 worms
  5 dart slugs
  14 orcs
  5 bats
  6 endoplasms
  5 giant cockroaches
  7 goblins
  8 hobgoblins
  6 kobolds
  4 quokkas
  8 ball pythons
  4 frilled lizards
  9 rats
138 creatures vanquished.

Vanquished Creatures (others)
  A fungus (D:6)
1 creature vanquished.

Grand Total: 139 creatures vanquished

Notes
Turn   | Place    | Note
-------+----------+-------------------------------------------
     0 | D:1      | jestyr24 the Draconian Conjurer began the quest for the
                  | Orb.
     0 | D:1      | Reached XP level 1. HP: 14/14 MP: 3/3
   171 | D:1      | Found a faded altar of an unknown god.
   179 | D:1      | Became a worshipper of Xom of Chaos
   341 | D:1      | XOM: silly message
   415 | D:1      | Reached XP level 2. HP: 22/22 MP: 3/5
   541 | D:1      | XOM: 9-stop teleportation journey
   589 | D:1      | XOM: 4-stop teleportation journey
   748 | D:1      | XOM: god gift: papyrus book {god gift}
   753 | D:1      | Learned a level 2 spell: Searing Ray
  1211 | D:1      | XOM: scenery: summon butterflies
  1260 | D:2      | Found a radiant altar of Vehumet.
  1266 | D:2      | Fell from the grace of Xom
  1266 | D:2      | Became a worshipper of Vehumet
  1288 | D:2      | Reached XP level 3. HP: 27/27 MP: 3/6
  1359 | D:2      | Reached skill level 1 in Fighting
  1597 | D:2      | XOM: give mutations
  1597 | D:2      | Gained mutation: You have a pair of small horns on your
                  | head. [Xom's mischief]
  1597 | D:2      | Gained mutation: Your body sometimes deteriorates upon
                  | taking damage. [Xom's mischief]
  1597 | D:2      | Gained mutation: Your body often deteriorates upon taking
                  | damage. [Xom's mischief]
  1597 | D:2      | Gained mutation: You sometimes lose the ability to read
                  | scrolls when taking damage. [Xom's mischief]
  2213 | D:2      | Reached XP level 4. HP: 36/36 MP: 1/7
  2595 | D:3      | Reached * piety under Vehumet
  2595 | D:3      | Offered knowledge of Freeze by Vehumet.
  2838 | D:3      | Noticed a necrophage
  2845 | D:3      | Killed a necrophage
  2846 | D:3      | Reached skill level 5 in Conjurations
  2846 | D:3      | Reached XP level 5. HP: 42/42 MP: 0/9
  2928 | D:3      | XOM: 1-stop teleportation journey
  2996 | D:3      | Found Onyesami's General Store.
  3081 | D:3      | XOM: draining
  3777 | D:4      | Found Leonaps's Antique Armour Shop.
  3972 | D:4      | XOM: noise
  4096 | D:4      | Reached XP level 6. HP: 46/51 MP: 4/11
  4205 | D:4      | XOM: draining
  4475 | D:4      | Found a staircase to the Ecumenical Temple.
  4603 | D:5      | Entered Level 5 of the Dungeon
  4613 | D:5      | Identified the +1 ring mail of the Vestibule of Hell {Harm
                  | rN+ Will+ Slay+3}
  4675 | D:5      | XOM: 1-stop teleportation journey
  4722 | D:5      | Found a white marble altar of Elyvilon.
  4816 | D:5      | XOM: give mutations
  4816 | D:5      | Gained mutation: You occasionally shout uncontrollably at
                  | your foes. [Xom's mischief]
  4816 | D:5      | Gained mutation: You are frail. (-10% HP) [Xom's mischief]
  4981 | D:5      | Found an ancient bone altar of Kikubaaqudgha.
  5030 | D:5      | Your scales start taking on a lurid green colour.
  5030 | D:5      | Reached XP level 7. HP: 52/52 MP: 8/13
  5030 | D:5      | Gained mutation: Your system is resistant to poisons.
                  | (rPois) [Green Draconian growth]
  5318 | D:5      | Found an ornate altar of the Wu Jian Council.
  5320 | D:5      | Found an iron altar of Okawaru.
  5362 | D:5      | Reached skill level 6 in Conjurations
  5577 | D:6      | Noticed Blork the orc
  5656 | D:5      | Learned a level 4 spell: Fulminant Prism
  5678 | D:5      | XOM: god gift: scroll of enchant weapon
  5902 | D:6      | Found a stormy altar of Qazlal.
  5908 | D:6      | Found a blossoming altar of Fedhas.
  6011 | D:6      | Noticed Grinder
  6104 | D:6      | Killed Grinder
  6105 | D:6      | Reached skill level 1 in Hexes
  6170 | D:6      | Identified the ring of Symmetry {Fly rF+}
  6248 | D:6      | Reached XP level 8. HP: 59/60 MP: 9/15
  6269 | D:6      | XOM: stat loss: -3 Int (17/20)
  6407 | D:6      | Reached skill level 5 in Spellcasting
  6612 | D:6      | Killed Blork the orc
  6613 | D:6      | Reached skill level 5 in Fighting
  6722 | D:6      | Reached ** piety under Vehumet
  6722 | D:6      | Offered knowledge of Foxfire by Vehumet.
  6817 | D:6      | XOM: summons 5 hostile demons
  7254 | D:6      | XOM: give mutations
  7254 | D:6      | Gained mutation: You have large cloven feet. [Xom's grace]
  7254 | D:6      | Gained mutation: You are somewhat resistant to further
                  | mutation. [Xom's grace]
  7254 | D:6      | Gained mutation: Your flesh is heat resistant. (rF+) [Xom's
                  | grace]
  7254 | D:6      | Gained mutation: You have a pair of horns on your head.
                  | [Xom's grace]
  7402 | D:7      | XOM: noise
  7546 | D:7      | Reached skill level 7 in Conjurations
  7608 | D:7      | XOM: summons 13 hostile demons
  7667 | D:7      | XOM: give mutations
  7667 | D:7      | Gained mutation: You are clumsy. (Dex -2) [Xom's mischief]
  7667 | D:7      | Gained mutation: You are dopey. (Int -2) [Xom's mischief]
  8337 | D:8      | XOM: give mutation
  8337 | D:8      | Lost mutation: You are dopey. (Int -2) [Xom's mischief]
  8375 | D:8      | Found Qat Kin's Changing Room.
  8489 | D:4      | XOM: god gift: 33 gold pieces
  8568 | D:4      | Bought an encrusted cloak for 171 gold pieces
  8568 | D:4      | Identified the +0 cloak of Nazuxawu {rElec rPois rC+++
                  | Stlth-} (You bought it in a shop on level 4 of the Dungeon)
  8715 | D:8      | Reached XP level 9. HP: 56/67 MP: 10/17
  8725 | D:8      | HP: 1/67 [orc warrior/+0 hand axe (11)]
  8728 | D:8      | Reached skill level 1 in Shields
  8728 | D:8      | Slain by a sky beast

Illustrated notes

Levels and vault maps discovered:
D:1:      psy_arrival_conway, layout_loops_ring, basic_ecumenical_altar,
          minmay_heptomino_l4
D:2:      layout_loops_corners, basic_altar
D:3:      layout_basic, serial_shops, shop
D:4:      layout_basic, minmay_temple_entry_antechambers, serial_shops, shop
D:5:      layout_basic, kennysheep_mini_moat, nicolae_overflow_hidden_temple
D:6:      layout_basic, grunt_temple_overflow_forces_of_nature, uniq_grinder,
          uniq_blork_the_orc
D:7:      layout_gridville, serial_glass, glass_columns_a, glass_columns_a,
          grunt_tough_drop
D:8:      layout_basic, nicolae_transmutations_shop

Skill      XL: |  1  2  3  4  5  6  7  8  9 |
---------------+----------------------------+-----
Fighting       | 2 3 4 5 |  5.7
Dodging        | 2 3 |  3.3
Stealth        | 2 3 4 |  4.0
Spellcasting   | 3 4 5 |  5.8
Conjurations   | 5 6 7 |  7.2
Hexes          | 1 3 |  3.1
Shields        | 1 |  1.0
Unarmed Combat | |  0.2

Action                   |  1- 3 |  4- 6 |  7- 9 || total
-------------------------+-------+-------+-------++-------
Melee: Unarmed           |    14 |       |       ||    14
       Tailslap          |     2 |     2 |     2 ||     6
       Dagger            |    19 |    16 |    51 ||    86
       Headbutt          |     1 |     3 |    10 ||    14
 Cast: Magic Dart        |    67 |   106 |    85 ||   258
       Searing Ray       |     6 |     4 |    38 ||    48
  Use: Scroll            |     5 |       |    10 ||    15
       Potion            |       |     2 |       ||     2
 Stab: Distracted        |       |       |     1 ||     1
Armor: Skin              |    11 |    13 |    95 ||   119
Dodge: Dodged            |    25 |    13 |    84 ||   122
       Repelled          |       |       |     2 ||     2
Block: Buckler           |       |       |    15 ||    15

Table legend: (Time is in decaauts)
 A = Elapsed time spent in this place.
 B = Non-inter-level travel time spent in this place.
 C = Inter-level travel time spent in this place.
 D = Time resting spent in this place.
 E = Time spent auto-exploring this place.
 F = Levels seen in this place.
 G = Mean time per level.
                   A        B        C        D        E       F      G
               +--------+--------+--------+--------+--------+-----+--------+
         Total |   8758 |   8279 |    479 |   1753 |   5057 |   8 | 1094.8 |
       Dungeon |   8758 |   8279 |    479 |   1753 |   5057 |   8 | 1094.8 |
               +--------+--------+--------+--------+--------+-----+--------+

Top non-repeatable levels by time:
     D:6: 2054 daAuts
     D:2: 1295 daAuts
     D:1: 1263 daAuts
     D:5: 1108 daAuts
     D:4: 1107 daAuts
     D:3: 1074 daAuts
     D:7: 682 daAuts
     D:8: 173 daAuts
